 Dungeon Crawl Stone Soup version 0.26-a0-639-g72c4674329 (webtiles) character file.

Game seed: 8028584851109976261

(classic levelgen) 78 EnegeticOcto the Covered (level 4, -2/42 HPs)
             Began as a Deep Dwarf Fighter on Sept 28, 2020.
             Slain by an orc priest (4 damage)
             ... on level 2 of the Dungeon.
             The game lasted 00:00:17 (264 turns).

EnegeticOcto the Covered (Deep Dwarf Fighter)        Turns: 264, Time: 00:00:17

Health: -2/42      AC:  7    Str: 21    XL:     4   Next: 15%
Magic:  4/4        EV:  7    Int:  8    God:
Gold:   27         SH:  9    Dex: 12    Spells: 3/3 levels left

rFire    . . .     SeeInvis .   a - +0 war axe
rCold    . . .     Faith    .   c - +0 kite shield
rNeg     . . .     Spirit   .   b - +0 scale mail
rPois    .         Reflect  .   (no helmet)
rElec    .         Harm     .   (no cloak)
rCorr    .         Rampage  .   (no gloves)
MR       .....                  (no boots)
Stlth    ..........             (no amulet)
HPRegen  0.00/turn              (no ring)
MPRegen  0.09/turn              (no ring)

@: non-regenerating
A: damage resistance, heal wounds, sense surroundings 1, no regeneration
a: Heal Wounds


You were on level 2 of the Dungeon.
You visited 1 branch of the dungeon, and saw 2 of its levels.

You collected 27 gold pieces.

Inventory:

Hand Weapons
 a - a +0 war axe (weapon)
Armour
 b - a +0 scale mail (worn)
 c - a +0 kite shield (worn)
Scrolls
 g - a scroll of teleportation {unknown}
Potions
 d - a potion of might {@q3}
 e - a potion of stabbing {unknown}
 f - 2 potions of curing {unknown}


   Skills:
 + Level 3.1 Fighting
 * Level 3.5 Axes
 + Level 3.8 Armour
 + Level 3.8 Shields


You had 3 spell levels left.
You didn't know any spells.
Your spell library was empty.

Dungeon Overview and Level Annotations

Branches:
Dungeon (2/15)

Altars:


Innate Abilities, Weirdness & Mutations

You are resistant to damage.
You can heal yourself by infusing magical energy.
You passively map a small area around you.
You do not regenerate.


Message History

You are confused.
You are too confused!
You are too confused!
You are too confused!
You are too confused!
You are too confused!
You are too confused!
You are too confused!
You are too confused!
You are too confused!
You are too confused!
You are too confused!
You are too confused!
You are too confused!
You are too confused!
You are too confused!
You are too confused!
You're too confused!
You closely miss the orc wizard.
The orc wizard is almost dead.
You closely miss the orc wizard. You closely miss the orc priest.
The orc wizard closely misses you. The orc priest hits you.
The orc wizard gestures at you while chanting.
You are more confused.
The orc wizard hits you but does no damage.
You're too confused to move!
The orc priest hits you. The orc wizard closely misses you.
The orc wizard hits you with a +0 dagger.
You barely miss the orc wizard. You barely miss the orc priest.
You miss the orc wizard. The orc wizard barely misses you.
The orc priest closely misses you.
The orc wizard hits you but does no damage.
The orc wizard gestures wildly while chanting.
The orc wizard flickers and vanishes!
Deactivating autopickup; reactivate with Ctrl-A.
The orc priest barely misses you. Something hits you but does no damage.
The orc wizard hits you but does no damage.
You hit the orc priest.
The orc priest is heavily wounded.
You closely miss something. You closely miss the orc wizard.
The orc wizard barely misses you. The orc priest closely misses you.
Something hits you.
The orc wizard hits you but does no damage.
You slash the orc priest!
The orc priest is almost dead.
You miss something.
The orc priest hits you but does no damage.
The orc wizard hits you with a +0 dagger.
You hear some strange, mumbled words.
A magic dart appears from out of thin air!
The magic dart hits you.
The orc priest hits you but does no damage.
The orc wizard completely misses you.
You're too confused to move!
You hear some strange, mumbled words.
A puff of flame appears from out of thin air!
The puff of flame hits you. The orc wizard closely misses you.
The orc priest barely misses you.
You miss something. You hit the orc wizard. You barely miss the orc priest.
You feel less confused.
The orc wizard hits you but does no damage.
You hear some strange, mumbled words.
Something tries to affect you, but you resist.
The orc wizard hits you but does no damage.
You block the orc priest's attack. Something hits you but does no damage.
You closely miss the orc priest.
The orc priest is almost dead.
You closely miss the orc wizard. You barely miss something.
The orc wizard hits you but does no damage.
You block the orc priest's attack.
The orc wizard hits you with a +0 dagger.
Something hits you but does no damage. You block the orc priest's attack.
You completely miss the orc priest.
The orc priest is almost dead.
You hit the orc wizard. You completely miss something.
The orc wizard hits you but does no damage.
Something hits you. The orc wizard completely misses you.
The orc priest mumbles some strange prayers to Beogh against you.
Beogh smites you!
* * * LOW HITPOINT WARNING * * *
Something hits you. The orc wizard barely misses you.
You closely miss the orc priest.
The orc priest is almost dead.
You hit something.
Reactivating autopickup.
Your Fighting skill increases to level 3!
Your Axes skill increases to level 3!
You have reached level 3!
Your experience leads to an increase in your attributes!
Increase (s)trength, (i)ntelligence, or (d)exterity?
You feel stronger.
You feel a bit more experienced.
You hit the orc wizard.
You kill the orc wizard!
You have reached level 4!
You feel stronger.
The orc priest mumbles some strange prayers to Beogh against you.
Beogh smites you!
* * * LOW HITPOINT WARNING * * *
You fail to use your ability.
The orc priest hits you.
You die...

##.....## ,
#.......#, ,
,#.......# *
#.......#, ,
,#.......#, *
#.......# ,
,#....)..# , *
#.#..)o...#... , ,
#.....@)......
......#
#####...####..
......########..###
,,
......##.......## *
* ......##..#.#..#
* *
......##......##
......##..#.#.# ,
......+...†...#
......#####...# ,


You could see an orc priest.

Vanquished Creatures
  2 orc wizards (D:2)
  An adder (D:2)
  A worm (D:2)
  A leopard gecko (D:2)
  2 orcs (D:2)
  A bat (D:1)
  2 goblins (D:2)
  A kobold (D:2)
  A rat (D:1)
12 creatures vanquished.

Notes
Turn   | Place    | Note
-------+----------+-------------------------------------------
     0 | D:1      | EnegeticOcto the Deep Dwarf Fighter began the quest for the
                  | Orb.
     0 | D:1      | Reached XP level 1. HP: 20/20 MP: 1/1
   209 | D:2      | Reached XP level 2. HP: 27/27 MP: 2/2
   263 | D:2      | Reached XP level 3. HP: 10/34 MP: 3/3
   263 | D:2      | Reached XP level 4. HP: 12/42 MP: 4/4
   263 | D:2      | HP: 2/42 [orc priest/divine providence (10)]
   264 | D:2      | Slain by an orc priest

Illustrated notes

Levels and vault maps discovered:
D:1:      ebering_trefoil_twist, layout_loops_corners
D:2:      cheibrodos_pilgrimage, layout_basic, nicolae_ru_the_path_less_chosen,
          serial_glass, glass_columns_a, glass_columns_a

Skill      XL: |  1  2 |
---------------+-------+-----
Fighting       | 3 |  3.1
Axes           | 3 |  3.5
Armour         | |  3.8
Shields        | |  3.8

Action                   |  1- 3 |  4- 6 || total
-------------------------+-------+-------++-------
Melee: War axe           |    42 |       ||    42
 Abil: Heal Wounds       |     1 |       ||     1
Armor: Scale mail        |    36 |       ||    36
Dodge: Dodged            |    23 |       ||    23
Block: Kite shield       |    31 |       ||    31

Table legend: (Time is in decaauts)
 A = Elapsed time spent in this place.
 B = Non-inter-level travel time spent in this place.
 C = Inter-level travel time spent in this place.
 D = Time resting spent in this place.
 E = Time spent auto-exploring this place.
 F = Levels seen in this place.
 G = Mean time per level.
                   A        B        C        D        E       F      G
               +--------+--------+--------+--------+--------+-----+--------+
         Total |    281 |    269 |     12 |      0 |    167 |   2 |  140.5 |
       Dungeon |    281 |    269 |     12 |      0 |    167 |   2 |  140.5 |
               +--------+--------+--------+--------+--------+-----+--------+

Top non-repeatable levels by time:
     D:2: 141 daAuts
     D:1: 140 daAuts
